 Seeded DCSS version 0.29.1-15-g9cfb28693d (webtiles) character file.

Game seed: 6320845443627075161 (custom seed)

48808 Psyclone the Transmogrifier (level 14, -1/84 HPs)
             Began as a Deep Elf Fire Elementalist on Sept 29, 2023.
             Was an Initiate of Ashenzari.
             Slain by Rupert
             ... wielding a +0 vampiric battleaxe
              (33 damage)
             ... on level 13 of the Dungeon.
             The game lasted 00:51:54 (17224 turns).

Psyclone the Transmogrifier (DEFE)                 Turns: 17224, Time: 00:51:54

Health: -1/84      AC:  8    Str: 11    XL:     14   Next: 13%
Magic:  20/39      EV: 15    Int: 35    God:    Ashenzari [......]
Gold:   1046       SH:  0    Dex: 12    Spells: 5/33 levels left

rFire   + . .      SeeInvis .   a - staff of fire
rCold   . . .      Faith    .   (no shield)
rNeg    + . .      Spirit   .   p - +2 robe {Will+}
rPois   .          Reflect  .   o - +1 hat {Stlth+}
rElec   .          Harm     .   M - +0 cloak
rCorr   +          Rampage  .   E - +0 pair of gloves
Will    ++...                   D - +0 pair of boots
Stlth   +++.......              r - amulet of the acrobat
HPRegen 0.24/turn               c - ring "Bound Elitism" {rN+ rCorr Str+6 Int+9 Dex-3, Self, Bglg} (curse)
MPRegen 0.26/turn               n - ring of magical power

@: studying Ranged Weapons
A: no striking features
a: Renounce Religion, Curse Item, Shatter the Chains


You were on level 13 of the Dungeon.
You worshipped Ashenzari.
Ashenzari was noncommittal.
You visited 2 branches of the dungeon, and saw 14 of its levels.
You also visited: Trove and Bailey.

You collected 1782 gold pieces.
You spent 736 gold pieces at shops.

Inventory:

Hand Weapons
 b - a +4 dagger of freezing
 S - the +7 dagger of Zimmen {vorpal, Int+3}
   (You found it in a treasure trove)

   It inflicts extra damage upon your enemies.
   Int:       It affects your intelligence (+3).
 U - the +3 rapier of Past Mistakes {drain, rPois rC++ rN+ Str-5}
   (You found it in a treasure trove)

   A truly terrible weapon, it drains the life of any living foe it strikes.
   Str:       It affects your strength (-5).
   rC:        It greatly protects you from cold.
   rPois:     It protects you from poison.
   rN:        It protects you from negative energy.
Missiles
 z - 2 throwing nets {!f}
Armour
 o - a +1 hat of stealth (worn)
 p - a +2 robe of willpower (worn)
 D - a +0 pair of boots (worn)
 E - a +0 pair of gloves (worn)
 M - a +0 cloak (worn)
Magical Staves
 a - a staff of fire (weapon)
Jewellery
 c - the cursed ring "Bound Elitism" (left hand) {rN+ rCorr Str+6 Int+9 Dex-3, Self, Bglg}
   (You acquired it on level 2 of the Dungeon)

   [ring of strength]

   Str:       It affects your strength (+6).
   Int:       It affects your intelligence (+9).
   Dex:       It affects your dexterity (-3).
   rN:        It protects you from negative energy.
   rCorr:     It protects you from acid and corrosion.
   It has a curse which improves the following skills: Introspection: Fighting
   and Spellcasting.
   Beguiling: Conjurations, Hexes and Translocations.
 n - a ring of magical power (right hand)
 r - an amulet of the acrobat (around neck)
 F - a +4 ring of protection
 H - a ring of protection from fire
 V - an amulet of reflection
Wands
 l - a wand of flame (51)
 w - a wand of mindburst (18)
 B - a wand of digging (5)
 I - a wand of roots (6)
 Q - a wand of light (4)
Scrolls
 g - 9 scrolls of teleportation
 h - 6 scrolls of magic mapping {unknown}
 k - 2 scrolls of vulnerability {unknown}
 m - 11 scrolls of identify {@r1}
 t - a scroll of poison {unknown}
 u - a scroll of brand weapon {unknown}
 v - 3 scrolls of amnesia {unknown}
 x - 2 scrolls of noise {unknown}
 y - 5 scrolls of enchant weapon {unknown}
 C - a scroll of silence {unknown}
 J - 3 scrolls of summoning {unknown}
 K - 4 scrolls of butterflies {unknown}
 O - 2 scrolls of enchant armour {unknown}
 T - a scroll of immolation
Potions
 d - 5 potions of haste {unknown}
 e - 5 potions of brilliance {unknown}
 f - a potion of curing
 i - 2 potions of resistance {unknown}
 j - 3 potions of flight {unknown}
 q - 4 potions of might {unknown}
 s - a potion of lignification
 A - 5 potions of degeneration {unknown}
 G - 2 potions of attraction {unknown}
 L - a potion of invisibility {unknown}
 P - 5 potions of magic
 R - 2 potions of heal wounds


   Skills:
 - Level 8.0(8.4) Fighting
 - Level 8.0 Dodging
 - Level 2.4 Stealth
 - Level 10.0(10.4) Spellcasting
 - Level 7.2(7.7) Conjurations
 - Level 11.4 Transmutations
 - Level 10.0 Fire Magic
 + Level 8.8 Ice Magic
 - Level 10.0 Poison Magic


You had 5 spell levels left.
You knew the following spells:

 Your Spells              Type           Power      Damage    Failure   Level
a - Foxfire               Conj/Fire      100%       2x1d9     1%          1
b - Scorch                Fire           100%       2d10      1%          2
c - Conjure Flame         Conj/Fire      88%        6-21      1%          3
d - Mephitic Cloud        Conj/Pois/Air  56%        N/A       1%          3
e - Inner Flame           Hex/Fire       68%        N/A       1%          3
f - Freezing Cloud        Conj/Ice/Air   27%        6-21      7%          5
q - Blink                 Tloc           36%        N/A       3%          2
s - Ignite Poison         Fire/Tmut/Pois 95%        N/A       1%          3
v - Poisonous Vapours     Pois/Air       100%       N/A       1%          2
x - Olgreb's Toxic Radia  Pois           73%        N/A       1%          4

Your spell library contained the following spells:

 Spells                   Type           Power      Damage    Failure   Level
 Freeze                   Ice            100%       1d11      1%          1
 Sting                    Tmut/Pois      100%       1d8       1%          1
 Frozen Ramparts          Ice            100%       1d16      1%          3
 Flame Wave               Conj/Fire      88%        2d19      1%          4
 Hailstorm                Conj/Ice       66%        3d14      1%          4
 Apportation              Tloc           36%        N/A       2%          1
 Necrotise                Necr           72%        1d7       2%          1
 Slow                     Hex            72%        N/A       2%          1
 Summon Small Mammal      Summ           72%        N/A       2%          1
 Call Canine Familiar     Summ           18%        N/A       7%          3
 Confusing Touch          Hex            18%        N/A       7%          3
 Portal Projectile        Hex/Tloc       36%        N/A       7%          3
 Summon Guardian Golem    Hex/Summ       18%        N/A       7%          3
 Vampiric Draining        Necr           18%        2d7       7%          3
 Leda's Liquefaction      Hex/Erth       9%         N/A       24%         4
 Summon Lightning Spire   Summ/Air       18%        N/A       24%         4
 Manifold Assault         Tloc           18%        N/A       54%         5
 Orb of Destruction       Conj           32%        9d10      65%         7
 Storm Form               Tmut/Air       27%        N/A       89%         7
 Spellforged Servitor     Conj/Summ      22%        N/A       99%         7
 Maxwell's Capacitive Co  Air            9%         ∞         100%        8


Dungeon Overview and Level Annotations

Branches:
Dungeon (13/15) Zot: 25787  Temple (1/1) D:7 Zot: 5723    Lair (0/5) D:10
    Orc (0/2) D:11         Bailey (visited)
 Vaults: D:13-14

Altars:
Ashenzari
Cheibriados
Dithmenos
Elyvilon
Fedhas
Gozag
Hepliaklqana
Kikubaaqudgha
Makhleb
Nemelex Xobeh
Okawaru
Qazlal
Ru
Sif Muna
Trog
Uskayaw
Vehumet
Wu Jian
Xom
Yredelemnul
Zin
The Shining One

Shops:
D:2 :   D:7 !   D:9 [

Annotations:
D:3 1 runed translucent door, 1 exclusion
D:8 6 transporters
D:13 Rupert


Message History

Rupert hits you with a +0 vampiric battleaxe!
You take 9 damage, and have 69/84 hp.
You now have 26/39 mp.
Casting: Scorch (safe; 1% risk of failure)
Confirm with . or Enter, or press ? or * to list all spells.
You feel a surge of power!
You conjure some foxfire!
Rupert is engulfed in blazing flames.
Rupert hits you with a +0 vampiric battleaxe!
Rupert barely misses your foxfire.
Rupert is engulfed in blazing flames.
Rupert hits you with a +0 vampiric battleaxe!!
Rupert barely misses your foxfire.
Rupert is engulfed in blazing flames.
Rupert completely misses you.
Rupert hits your foxfire with a +0 vampiric battleaxe!
You take 34 damage, and have 35/84 hp.
MASSIVE DAMAGE!!
You now have 25/39 mp.
Casting: Foxfire (safe; 1% risk of failure)
Confirm with . or Enter, or press ? or * to list all spells.
You feel a surge of power!
Flames lash Rupert.
Rupert is burned terribly!
Rupert is moderately wounded.
You feel yourself speed up.
The foxfire hits Rupert!
Rupert is burned terribly!
Rupert is moderately wounded.
The foxfire hits Rupert.
Rupert is burned terribly!
Rupert is moderately wounded.
Rupert is engulfed in blazing flames.
Rupert hits you but does no damage.
Rupert is engulfed in blazing flames.
Rupert closely misses you.
You now have 24/39 mp.
Casting: Scorch (safe; 1% risk of failure)
Confirm with . or Enter, or press ? or * to list all spells.
You feel a surge of power!
Flames lash Rupert.
Rupert is burned terribly!
Rupert is heavily wounded.
Rupert is engulfed in blazing flames.
Rupert hits you with a +0 vampiric battleaxe.
You take 4 damage, and have 32/84 hp.
You now have 22/39 mp.
Casting: Scorch (safe; 1% risk of failure)
Confirm with . or Enter, or press ? or * to list all spells.
You feel a surge of power!
Flames lash Rupert.
Rupert is burned terribly!
Rupert is heavily wounded.
Rupert is engulfed in blazing flames.
Rupert barely misses you.
Rupert is engulfed in blazing flames.
Rupert hits you with a +0 vampiric battleaxe!!
You die...

@...+
##'###.##.......#....#
....#
#...#......##..#.####
....#
#...#..........#.####
....#
#...######.....#.....
.#..#
+....#...#.#.<.#.###+
.# #
#...##...+.....### .#
#...##...###+### .#..'
#....§....... .#..#
#...@@...#### .#..#
####+#○..# ....#
.......#...# ....#
........#W..# ....#
.......#...# ....#
......#...# ..>.#
#.....#...# ....#
#.##..#.... ....#
#.....#########


You could see Rupert (berserk, combustible).

Vanquished Creatures
  An orc warlord (Bailey)
  Nessos (D:13)
  Erolcha (D:11)
  2 hydras
  6 two-headed ogres
  2 deep elf pyromancers (D:12)
  A manticore (D:13)
  2 cyclopes
  Maggie (D:9)
  2 gargoyles
  3 komodo dragons
  2 trolls
  A vampire (D:11)
  2 basilisks
  2 wraiths
  18 yaks
  2 wyverns
  2 steam dragons
  Edmund (D:5)
  An acid dragon (D:9)
  A water moccasin (D:10)
  20 orc warriors
  A sky beast (D:6)
  An ice beast (D:5)
  6 black bears
  An ogre (D:5)
  4 centaurs
  3 kobold brigands
  4 bullfrogs
  3 necrophages
  2 gnoll sergeants
  3 scorpions
  24 wights
  13 howler monkeys
  3 electric eels (D:10)
  3 hounds
  A gnoll bouda (D:9)
  12 orc priests
  Ijyb (D:4)
  2 iguanas
  12 orc wizards
  16 gnolls
  6 adders
  A shadow imp (D:8)
  A worm (D:4)
  5 dart slugs
  77 orcs
  7 ball pythons
  2 endoplasms (D:4)
  A giant cockroach (D:4)
  20 goblins
  18 hobgoblins
  3 quokkas
  5 bats
  A frilled lizard (D:3)
  17 kobolds
  2 rats
355 creatures vanquished.

Vanquished Creatures (collateral kills)
  A foxfire (D:3)
1 creature vanquished.

Vanquished Creatures (others)
  871 foxfires
  42 fungi
  61 plants (D:10)
974 creatures vanquished.

Grand Total: 1330 creatures vanquished

Notes
Turn   | Place    | Note
-------+----------+-------------------------------------------
     0 | D:1      | Psyclone the Deep Elf Fire Elementalist began the quest for
                  | the Orb.
     0 | D:1      | Reached XP level 1. HP: 10/10 MP: 6/6
   109 | D:2      | Identified a scroll of acquirement
   109 | D:2      | Acquired the ring of the Tired Beasts {rN+ rCorr Str+6
                  | Int+9 Dex-3}
  1197 | D:2      | Reached XP level 2. HP: 15/15 MP: 8/8
  1309 | D:2      | Found Weil's Book Boutique.
  1327 | D:2      | Found a faded altar of an unknown god.
  1899 | D:3      | Reached skill level 1 in Poison Magic
  2027 | D:3      | Reached XP level 3. HP: 3/19 MP: 10/10
  2459 | D:3      | Reached XP level 4. HP: 24/24 MP: 12/12
  2789 | D:3      | Found a runed translucent door.
  3263 | D:3      | Learned a level 3 spell: Conjure Flame
  3277 | D:3      | Found an ornate altar of the Wu Jian Council.
  3442 | D:4      | Reached XP level 5. HP: 28/28 MP: 13/13
  3539 | D:4      | Reached skill level 2 in Transmutations
  3937 | D:4      | Noticed Ijyb
  4056 | D:4      | Found a sacrificial altar of Ru.
  4065 | D:4      | Reached skill level 3 in Transmutations
  4296 | D:5      | Entered Level 5 of the Dungeon
  4435 | D:2      | Bought a Young Poisoner's Handbook for 200 gold pieces
  4438 | D:2      | Learned a level 2 spell: Poisonous Vapours
  4443 | D:2      | Learned a level 4 spell: Olgreb's Toxic Radiance
  4575 | D:4      | Reached XP level 6. HP: 32/32 MP: 14/14
  4637 | D:4      | Killed Ijyb
  4738 | D:4      | Reached skill level 4 in Transmutations
  4905 | D:4      | Found a white marble altar of Elyvilon.
  4922 | D:4      | Found a shimmering altar of Xom.
  4923 | D:4      | Found a hazy altar of Hepliaklqana.
  4924 | D:4      | Noticed a spectral ugly thing
  4924 | D:4      | Noticed a will-o-the-wisp
  5045 | D:4      | Acquired 830 gold pieces
  5085 | D:2      | Bought a Trismegistus Codex for 280 gold pieces
  5091 | D:2      | Learned a level 3 spell: Ignite Poison
  5186 | D:5      | Reached skill level 5 in Poison Magic
  5293 | D:5      | Reached skill level 5 in Spellcasting
  5293 | D:5      | Reached XP level 7. HP: 36/36 MP: 17/17
  5645 | D:5      | Noticed Edmund
  5655 | D:5      | Killed Edmund
  6079 | D:5      | Reached skill level 5 in Transmutations
  6079 | D:5      | Reached skill level 5 in Fire Magic
  6190 | D:6      | Reached XP level 8. HP: 41/41 MP: 19/19
  6258 | D:6      | Found a hide-covered altar of Uskayaw.
  6421 | D:6      | Learned a level 3 spell: Mephitic Cloud
  6425 | D:6      | Learned a level 3 spell: Inner Flame
  6442 | D:6      | Reached skill level 6 in Transmutations
  6537 | D:6      | Reached skill level 7 in Transmutations
  6696 | D:6      | Identified the +1 ring mail of Sorcery {Int+5}
  7132 | D:6      | Reached skill level 8 in Transmutations
  7572 | D:7      | Reached skill level 9 in Transmutations
  7576 | D:7      | Reached XP level 9. HP: 45/45 MP: 12/20
  7822 | D:7      | Reached skill level 10 in Transmutations
  8288 | D:7      | Found an opulent altar of Gozag.
  8288 | D:7      | Found a shadowy altar of Dithmenos.
  8289 | D:7      | Found a stormy altar of Qazlal.
  8377 | D:7      | Found a staircase to the Ecumenical Temple.
  8386 | Temple   | Entered the Ecumenical Temple
  8420 | Temple   | Became a worshipper of Ashenzari the Shackled
  8682 | D:7      | Reached skill level 11 in Transmutations
  8930 | D:7      | Found Guepsas's Distillery.
  9379 | D:8      | Found a transporter.
  9385 | D:8      | Found a transporter.
  9387 | D:8      | Found a transporter.
  9402 | D:8      | Found a flagged portal.
  9411 | Bailey   | Entered a bailey
  9947 | Bailey   | Noticed an orc warlord
  9951 | Bailey   | Reached XP level 10. HP: 50/50 MP: 24/25
  9953 | Bailey   | Killed an orc warlord
  9954 | Bailey   | Reached skill level 10 in Spellcasting
 10580 | D:8      | Found a transporter.
 10762 | D:8      | Found a transporter.
 10805 | D:8      | Noticed a two-headed ogre
 10810 | D:8      | Killed a two-headed ogre
 10811 | D:8      | Reached skill level 10 in Poison Magic
 11019 | D:8      | Found a transporter.
 11183 | D:8      | Found a snail-covered altar of Cheibriados.
 11218 | D:9      | Found Sajoudun's Antique Armour Emporium.
 11225 | D:9      | Bought an embroidered scarf for 256 gold pieces
 11440 | D:9      | Noticed a gargoyle
 11463 | D:9      | Killed a gargoyle
 11867 | D:9      | Found an iron altar of Okawaru.
 11967 | D:9      | Reached skill level 5 in Conjurations
 11968 | D:9      | Reached XP level 11. HP: 54/54 MP: 23/27
 11973 | D:9      | Reached skill level 5 in Fighting
 11973 | D:9      | Reached XP level 12. HP: 69/69 MP: 21/28
 12246 | D:9      | Noticed Maggie
 12249 | D:9      | Killed Maggie
 12449 | D:10     | Entered Level 10 of the Dungeon
 12580 | D:10     | Noticed a two-headed ogre
 12586 | D:10     | Killed a two-headed ogre
 13067 | D:10     | Found a staircase to the Lair.
 13576 | D:10     | Found a radiant altar of Vehumet.
 13653 | D:11     | Found a staircase to the Orcish Mines.
 13658 | D:11     | Noticed a five-headed hydra
 13665 | D:11     | Acquired an amulet of the acrobat
 13671 | D:11     | Killed a five-headed hydra
 14029 | D:11     | Noticed Erolcha
 14032 | D:11     | Killed Erolcha
 14773 | D:11     | You fall into a shaft and drop 1 floor!
 14823 | D:12     | Noticed a six-headed hydra
 14893 | D:12     | Noticed a two-headed ogre
 14896 | D:12     | Killed a two-headed ogre
 15013 | D:12     | Killed a six-headed hydra
 15119 | D:12     | Noticed a two-headed ogre
 15122 | D:12     | Killed a two-headed ogre
 15263 | D:12     | Learned a level 2 spell: Scorch
 15313 | D:12     | Reached skill level 10 in Fire Magic
 15712 | D:12     | Noticed a two-headed ogre
 15715 | D:12     | Killed a two-headed ogre
 15716 | D:12     | Reached XP level 13. HP: 79/79 MP: 28/29
 16197 | D:13     | Learned a level 2 spell: Blink
 16203 | D:13     | Learned a level 5 spell: Freezing Cloud
 16208 | D:13     | Reached skill level 1 in Ice Magic
 16213 | D:13     | Found a portal to a secret trove of treasure.
 16231 | D:13     | You paid a toll of 14 potions of curing to enter a treasure
                  | trove
 16232 | Trove    | Entered a treasure trove
 16254 | Trove    | Reached XP level 14. HP: 84/84 MP: 30/30
 16261 | Trove    | Identified the +7 dagger of Zimmen {vorpal, Int+3}
 16262 | Trove    | Identified the +3 rapier of Past Mistakes {drain, rPois
                  | rC++ rN+ Str-5}
 16272 | Trove    | Identified the amulet "Ycuq" {Reflect Rampage rF+ Str+2
                  | Dex+4 SH+5}
 16355 | D:13     | Noticed Rupert
 16915 | D:13     | Noticed Nessos
 16921 | D:13     | Killed Nessos
 17224 | D:13     | Slain by Rupert

Illustrated notes

Levels and vault maps discovered:
D:1:      dpeg_arrival_lava_temple_mockup, layout_basic
D:2:      layout_loops_ring, shapermc_ecumenical_altar_starsandcircs,
          serial_shops, nicolae_shop_window_shopping
D:3:      layout_loops_ring, pdpol_wu_jian_five_deadly_venoms, corexii_shack,
          uniq_crazy_yiuf_cottage
D:4:      layout_basic, regret_index_temple_of_mockery, hangedman_ru_absence,
          lemuel_tele_altar, uniq_ijyb
D:5:      layout_loops_cross, uniq_edmund
D:6:      layout_cave_pods, amcnicky_altar_gilded
D:7:      layout_cave_pools, gammafunk_temple_overflow_claw,
          minmay_temple_entry_statues_pillars, serial_shops,
          nicolae_shop_statue_plus
D:8:      layout_rooms, kennysheep_mini, enter_bailey_8, serial_nicolae_subway,
          nicolae_sub_station_metal, nicolae_sub_station_stone,
          nicolae_sub_station_crystal
D:9:      layout_roguey, mainiacjoe_overflow_alcove_2, serial_shops, shop,
          uniq_maggie
D:10:     layout_cave_pools, nicolae_vehumet_altar_sigil,
          due_lair_maze_entry_diamond, kennysheep_minor_cross, dk_vineyard_3,
          disabler_island
D:11:     layout_big_octagon, david_orc_5, serial_co_window_serial,
          co_window_paths_b, co_window_paths_b, co_window_paths_a,
          co_window_paths_a, co_window_paths_b, co_window_cross_1,
          co_window_corner_b, co_window_unsneaky_path_e, co_window_2corner,
          co_window_2corner, co_window_broadway_c, co_window_broadway_b,
          co_window_cross_3, glass_columns_b, glass_columns_a, glass_columns_c,
          glass_columns_a, glass_columns_a, uniq_erolcha
D:12:     layout_small_grid, kennysheep_cluttered_room
D:13:     layout_stronghold, nicolae_trove_entry_free_sample, uniq_rupert,
          uniq_nessos
Temple:   dpeg_chambers_temple

Skill      XL: |  1  2  3  4  5  6  7  8  9 10 11 12 13 14 |
---------------+-------------------------------------------+-----
Poison Magic   | 1 2 4 5 6 10 | 10.0
Spellcasting   | 4 5 6 9 10 | 10.0
Fire Magic     | 4 5 6 10 | 10.0
Transmutations | 3 4 5 9 11 | 11.4
Conjurations   | 5 7 |  7.2
Fighting       | 5 8 |  8.0
Dodging        | 6 8 |  8.0
Ice Magic      | 7 8 |  8.8
Stealth        | |  2.4

Action                   |  1- 3 |  4- 6 |  7- 9 | 10-12 | 13-15 || total
-------------------------+-------+-------+-------+-------+-------++-------
Melee: Unarmed           |     1 |     2 |       |       |       ||     3
       Short sword       |       |     4 |     5 |       |       ||     9
       Dagger            |       |       |     2 |    18 |       ||    20
       Staff             |       |       |       |       |     2 ||     2
 Cast: Foxfire           |    63 |   178 |   200 |    75 |     6 ||   522
       Poisonous Vapours |       |     5 |    20 |    28 |     8 ||    61
       Ignite Poison     |       |     3 |    26 |    65 |    10 ||   104
       Conjure Flame     |       |       |     6 |     7 |     3 ||    16
       Olgreb's Toxic Ra |       |       |    15 |    62 |     6 ||    83
       Mephitic Cloud    |       |       |       |    15 |     4 ||    19
       Scorch            |       |       |       |       |     5 ||     5
       Freezing Cloud    |       |       |       |       |     3 ||     3
       Blink             |       |       |       |       |     1 ||     1
Invok: Curse Item        |       |       |       |     1 |       ||     1
  Use: Scroll            |     1 |     1 |       |     3 |     5 ||    10
       Potion            |       |       |       |     3 |     1 ||     4
 Stab: Distracted        |       |     1 |       |       |       ||     1
Armor: Robe              |     1 |     3 |     3 |     9 |     5 ||    21
       Skin              |       |       |       |     1 |       ||     1
Dodge: Dodged            |     5 |    15 |    15 |    23 |    11 ||    69
